 Dungeon Crawl Stone Soup version 0.30.0-15-g856e2d3f33 (webtiles) character file.

Game seed: 6233663881649507013

2137 Cheops the Basher (level 9, -3/66 (70) HPs)
             Began as a Minotaur Fighter on May 18, 2023.
             Was a Follower of Ru.
             Slain by a wight
             ... wielding a +4 great sword of freezing
              (20 damage)
             ... on level 7 of the Dungeon.
             The game lasted 00:10:26 (5573 turns).

Cheops the Basher (Minotaur Fighter)                Turns: 5573, Time: 00:10:27

HP:   -3/66 (70)    AC: 12    Str: 24    XL:     9   Next: 9%
MP:   8/8           EV:  6    Int:  5    God:    Ru [*.....]
Gold: 482           SH:  5    Dex: 11    Spells: 8/8 levels left

rFire   . . .        a - +0 flail (heavy)
rCold   + + +        N - orb "Uxzez" {light, rC++}
rNeg    . . .        O - +0 plate armour
rPois   .            (helmet restricted)
rElec   .            l - scarf {harm}
rCorr   .            (no gloves)
SInv    .            u - +0 pair of boots
Will    .....        e - amulet of reflection Stlth
                     y - ring of protection from cold
HPRegen 0.31/turn    (no ring)
MPRegen 0.11/turn

%: harm (+30% outgoing, +20% incoming), reflection
@: glowing, drained
A: horns 2, unskilled 1, retaliatory headbutt
a: Renounce Religion


You were on level 7 of the Dungeon.
You worshipped Ru.
Ru was aware of your devotion.
You visited 2 branches of the dungeon, and saw 8 of its levels.
You also visited: Sewer.

You collected 482 gold pieces.

Inventory:

Hand Weapons
 a - a +0 heavy flail (weapon)
 p - a +0 sling
 x - a +0 flail
 J - a +2 vampiric whip
Armour
 c - a +0 buckler
 l - a scarf of harm (worn)
 u - a +0 pair of boots (worn)
 G - a +1 robe of the Archmagi
 N - the orb "Uxzez" (worn) {light, rC++}
   (You found it on level 5 of the Dungeon)

   rC:        It greatly protects you from cold.
 O - a +0 plate armour (worn)
 P - a +2 ring mail of poison resistance
Jewellery
 e - an amulet of reflection (around neck)
 y - a ring of protection from cold (left hand)
Wands
 w - a wand of mindburst (12)
 E - a wand of roots (3)
Scrolls
 g - 2 scrolls of silence {unknown}
 h - 2 scrolls of enchant weapon {unknown}
 j - 2 scrolls of torment {unknown}
 n - 3 scrolls of vulnerability {unknown}
 r - 4 scrolls of teleportation
 z - a scroll of blinking
 B - 2 scrolls of magic mapping
 C - 2 scrolls of fog {unknown}
 D - 2 scrolls of amnesia {unknown}
 I - 2 scrolls of butterflies
 L - a scroll of immolation
Potions
 d - 2 potions of mutation {unknown}
 f - a potion of invisibility {unknown}
 i - 3 potions of haste {unknown}
 o - a potion of berserk rage {unknown}
 q - 7 potions of curing
 s - a potion of flight {unknown}
 v - 4 potions of attraction {unknown}
 A - 2 potions of brilliance {unknown}
 H - 2 potions of heal wounds
 K - 3 potions of cancellation {unknown}
 M - a potion of might


   Skills:
 - Level 3.2 Fighting
 + Level 13.1 Maces & Flails
 - Level 3.2 Armour
 - Level 3.2 Shields


You had 8 spell levels left.
You didn't know any spells.
Your spell library contained the following spells:

 Spells                   Type           Power      Damage    Failure   Level
 Apportation              Tloc           0%         N/A       100%        1
 Necrotise                Necr           0%         1d4       100%        1
 Summon Small Mammal      Summ           0%         N/A       100%        1
 Ensorcelled Hibernation  Hex/Ice        0%         N/A       100%        2
 Spider Form              Tmut/Pois      0%         N/A       100%        3
 Anguish                  Hex/Necr       0%         N/A       100%        4


Dungeon Overview and Level Annotations

Branches:
Dungeon (7/15)             Temple (1/1) D:4           Sewer (visited)

Altars:
Ashenzari
Cheibriados
Dithmenos
Elyvilon
Fedhas
Gozag
Hepliaklqana
Kikubaaqudgha
Nemelex Xobeh
Okawaru
Qazlal
Ru
Sif Muna
Trog
Uskayaw
Vehumet
Wu Jian
Xom
Yredelemnul
Zin
The Shining One

Annotations:
D:6 2 transporters


Innate Abilities, Weirdness & Mutations

You have a pair of horns on your head.
You are somewhat unskilled. (-1 Apt)
You reflexively headbutt those who attack you in melee.


Message History

A wight is nearby! 2 wights come into view.
A wight is wielding a +4 great sword of freezing and wearing a +0 robe of positive energy.
A wight comes into view. It is wielding a +5 spear of freezing.
There is a stone staircase leading up here.
You swing at nothing.
You barely miss the wight. Your headbutt misses the wight.
The wight hits you with a +0 scimitar!
You feel drained.
You bludgeon the wight!!
You destroy the wight!
You block the wight's attack. The wight hits you but does no damage.
You redirect the wight's attack!
The wight hits the wight with a +0 spear!
You sock the wight!
The wight is almost destroyed.
You block the wight's attack. The wight hits you but does no damage.
You barely miss the wight. Your headbutt misses the wight.
The wight is almost destroyed.
The wight hits you from afar with a +5 spear of freezing.
You feel drained.
You barely miss the wight.
The wight is heavily damaged.
The wight hits you from afar with a +5 spear of freezing!
* * * LOW HITPOINT WARNING * * *
You feel drained.
* * * LOW HITPOINT WARNING * * *
The wight hits you with a +0 spear.
* * * LOW HITPOINT WARNING * * *
You block the wight's attack.
The wight hits you with a +4 great sword of freezing!
* * * LOW HITPOINT WARNING * * *
The wight hits you with a +0 spear.
* * * LOW HITPOINT WARNING * * *
You feel drained.
* * * LOW HITPOINT WARNING * * *
You sock the wight! You headbutt the wight.
You destroy the wight!
The wight hits you with a +4 great sword of freezing!
You die...

### ##.###
#.<..###
#.)....#
###z.z.##
##.##@#..#
#....)#....#
#......#
..#..
#......#
.....
#........#
##.<
#.........
#.
#.......#..
#......##..
###.... ...


You could see 2 wights.

Vanquished Creatures
  Grinder (Sewer)
  Sigmund (D:4)
  Edmund (D:4)
  Duvessa (D:4)
  A sky beast (D:6)
  An orc warrior (D:6)
  3 ogres
  3 kobold brigands
  2 wights (D:7)
  Dowan (D:4)
  A quasit (Sewer)
  3 hounds
  2 jellies
  3 orc priests
  5 iguanas
  4 orc wizards
  Robin (D:4)
  12 adders
  3 gnolls (D:5)
  4 shadow imps (Sewer)
  5 worms
  A dart slug (D:1)
  17 orcs
  5 ball pythons
  6 bats
  A bat zombie (Sewer)
  4 endoplasms
  6 giant cockroaches
  15 goblins
  5 hobgoblins
  10 jackals
  5 quokkas
  A frilled lizard (D:1)
  A giant cockroach zombie (Sewer)
  22 kobolds
  2 kobold zombies (Sewer)
  7 rats
166 creatures vanquished.

Vanquished Creatures (others)
  A kobold zombie (Sewer)
1 creature vanquished.

Grand Total: 167 creatures vanquished

Notes
Turn   | Place    | Note
-------+----------+-------------------------------------------
     0 | D:1      | Cheops the Minotaur Fighter began the quest for the Orb.
     0 | D:1      | Reached XP level 1. HP: 19/19 MP: 0/0
    40 | D:1      | Reached skill level 3 in Maces & Flails
    82 | D:1      | Reached XP level 2. HP: 26/26 MP: 1/1
   182 | D:1      | Reached skill level 4 in Maces & Flails
   620 | D:1      | Found a faded altar of an unknown god.
   818 | D:2      | Reached XP level 3. HP: 31/31 MP: 2/2
  1216 | D:3      | Reached skill level 5 in Maces & Flails
  1317 | D:3      | Reached XP level 4. HP: 35/39 MP: 3/3
  1810 | D:4      | Noticed Edmund
  1819 | D:4      | Killed Edmund
  1820 | D:4      | Reached skill level 7 in Maces & Flails
  1820 | D:4      | Reached XP level 5. HP: 44/45 MP: 4/4
  1888 | D:4      | Noticed Robin
  1892 | D:4      | Killed Robin
  1907 | D:4      | Reached XP level 6. HP: 32/51 MP: 5/5
  2061 | D:4      | Reached skill level 8 in Maces & Flails
  2154 | D:4      | Noticed Sigmund
  2163 | D:4      | Killed Sigmund
  2164 | D:4      | Reached skill level 9 in Maces & Flails
  2164 | D:4      | Reached XP level 7. HP: 46/57 MP: 6/6
  2287 | D:4      | Found a staircase to the Ecumenical Temple.
  2302 | Temple   | Entered the Ecumenical Temple
  2485 | Temple   | Became a worshipper of Ru the Awakened
  2861 | D:4      | Noticed Duvessa
  2862 | D:4      | Noticed Dowan
  2866 | D:4      | Killed Dowan
  2867 | D:4      | Reached skill level 10 in Maces & Flails
  2869 | D:4      | Killed Duvessa
  3005 | D:5      | Entered Level 5 of the Dungeon
  3005 | D:5      | Found a basalt altar of Yredelemnul.
  3294 | D:5      | Found an iron altar of Okawaru.
  3375 | D:5      | Found a glowing drain.
  3403 | Sewer    | Entered a sewer
  3496 | Sewer    | Reached skill level 11 in Maces & Flails
  3510 | Sewer    | Found a burning altar of Makhleb.
  3533 | Sewer    | Noticed Grinder
  3545 | Sewer    | Killed Grinder
  3546 | Sewer    | Reached XP level 8. HP: 38/64 MP: 7/7
  3649 | Sewer    | Reached skill level 12 in Maces & Flails
  4275 | D:5      | Reached skill level 13 in Maces & Flails
  4278 | D:5      | Identified the orb "Uxzez" {light, rC++}
  4567 | D:5      | Gained mutation: You are somewhat unskilled. (-1 Apt) [Ru
                  | sacrifice]
  4567 | D:5      | Reduced skill Maces & Flails to level 12
  4567 | D:5      | Reached * piety under Ru
  4809 | D:6      | Noticed a two-headed ogre
  4810 | D:6      | Noticed a cyclops
  4811 | D:6      | Found a transporter.
  4823 | D:6      | Found a transporter.
  4831 | D:6      | Found a hide-covered altar of Uskayaw.
  5074 | D:6      | Found a sparkling altar of Nemelex Xobeh.
  5077 | D:6      | Reached XP level 9. HP: 70/70 MP: 8/8
  5374 | D:6      | Found a blossoming altar of Fedhas.
  5540 | D:6      | Reached skill level 13 in Maces & Flails
  5573 | D:7      | Slain by a wight

Illustrated notes

Levels and vault maps discovered:
D:1:      grunt_arrival_crossed_arrows, layout_basic,
          hellmonk_ecumenical_altar_run_dry, corexii_corridor_pit,
          minmay_liquid_box, kennysheep_small_spiral, minmay_pentomino_w2
D:2:      layout_rooms, chequers_serial_rivers_small_b
D:3:      layout_basic, minmay_starry_boxes
D:4:      layout_basic, minmay_temple_entry_glassed_door, minmay_quadrilaterals,
          uniq_edmund, uniq_sigmund, uniq_robin, uniq_duvessa
D:5:      layout_basic, lemuel_tele_altar, mainiacjoe_overflow_cross_hatched,
          cheibrodos_sewer_entry_bend
D:6:      layout_loops_corners, nemelex_dance_club_becter,
          gammafunk_temple_overflow_arena, minmay_misc_feat_chi
D:7:      layout_cave_pools, minmay_the_grid_2x2
          [minmay_the_grid_minigrid_small, minmay_the_grid_embedded,
          minmay_the_grid_dragon_a, minmay_the_grid_prize_trominoes],
          uniq_crazy_yiuf_cottage
Temple:   nicolae_temple_bog_church

Skill      XL: |  1  2  3  4  5  6  7  8  9 |
---------------+----------------------------+-----
Maces & Flails | 3 4 5 7 9 11 12 13 | 13.1
Fighting       | |  3.2
Armour         | |  3.2
Shields        | |  3.2

Action                     |  1- 3 |  4- 6 |  7- 9 || total
---------------------------+-------+-------+-------++-------
  Melee: Flail             |    81 |    79 |   154 ||   314
         Headbutt          |    11 |     9 |    23 ||    43
 Invoke: Sacrifice Skill   |       |       |     1 ||     1
    Use: Scroll            |       |       |     6 ||     6
         Potion            |       |       |     1 ||     1
   Stab: Distracted        |       |       |     1 ||     1
 Armour: Scale mail        |    25 |       |       ||    25
         Chain mail        |    27 |    41 |    62 ||   130
         Plate armour      |       |       |    14 ||    14
  Dodge: Dodged            |    51 |    31 |    71 ||   153
  Block: Buckler           |    31 |    40 |    76 ||   147
         Reflection        |     1 |       |     6 ||     7
         Orb               |       |       |    10 ||    10
